Map: Frost LE

Players

IMBALISK - Winner!

  • Race: Zerg Zerg

A.I. 3 (Very Easy)

  • Race: Terran Terran

VOD

Have the link to the VOD?

Description

Time

  • Played on: July 27, 2016, 11:53 a.m.
  • Length: 7:01
Show
View Real Time Build Order
Export as new Build Order

IMBALISK Zerg - Winner!

Build Orders: Hatch First, Lurkers 

Get SALT Encoding   

  12  0:01  Drone  
  13  0:13  Overlord  
  13  0:17  Drone  
  14  0:31  Drone x2  
  14  0:35  Drone  
  17  0:52  Hatchery  
  17  0:55  Drone  
  17  0:59  Drone  
  18  1:08  Extractor  
  17  1:15  Spawning Pool  
  17  1:16  Drone  
  17  1:20  Drone  
  18  1:28  Drone  
  19  1:39  Overlord  
  19  1:50  Drone  
  20  2:01  Queen  
  20  2:03  Zergling x2  
  20  2:04  Queen  
  20  2:08  Metabolic Boost  
  25  2:10  Drone  
  25  2:12  Drone  
  28  2:15  Drone  
  28  2:23  Drone  
  28  2:27  Drone  
  30  2:32  Overlord  
  30  2:37  Drone  
  30  2:41  Queen  
  33  2:44  Extractor  
  33  2:47  Drone x2  
  34  2:54  Lair  
  34  2:55  Drone  
  35  2:59  Drone  
  36  3:08  Drone  
  36  3:10  Overlord  
  36  3:12  Drone x3  
  40  3:13  Drone  
  40  3:16  Drone  
  42  3:21  Queen  
  42  3:26  Extractor  
  43  3:29  Drone x2  
  43  3:30  Drone  
  46  3:34  Overlord  
  46  3:51  Overlord  
  46  3:53  Drone  
  46  3:54  Hydralisk Den  
  46  3:55  Drone x4  
  49  3:57  Queen  
  49  4:02  Zergling x4  
  54  4:15  Zergling x14  
  61  4:20  Queen  
  63  4:26  Lurker Den  
  63  4:29  Overlord  
  63  4:38  Queen  
  63  4:40  Overlord  
  63  4:41  Overlord  
  65  5:04  Overlord  
  65  5:05  Zergling x14  
  72  5:15  Zergling x2  
  72  5:19  Overseer  
  72  5:20  Overseer  
  73  5:21  Queen  
  73  5:22  Hydralisk x2  
  73  5:27  Hydralisk  
  73  5:28  Hydralisk x4  
  83  5:30  Hydralisk  
  91  5:44  Overlord x2  
  91  5:48  Queen  
  93  6:12  Lurker x6  
  99  6:20  Zergling x18  
  108  6:31  Zergling x4  
  109  6:42  Hatchery, Spore Crawler  
  109  6:43  Spine Crawler  
  109  6:46  Drone x4, Extractor  
  109  6:48  Hatchery  
Show
View Real Time Build Order
Export as new Build Order

A.I. 3 (Very Easy) Terran 

Build Orders:  

Get SALT Encoding   

Tags
 
Composition
Lurkers
Matchup
TvZ
Add a new tag
Caveats
  • Supply blocks, unpowered buildings, or Contaminate may cause inaccurate times.
  • Supply counts are checked every 10 seconds.